 Dungeon Crawl Stone Soup version 0.23-a0-629-gae4348f (webtiles) character file.

7749 Matador8 the Covert (level 11, 0/90 HPs)
             Began as a Vampire Enchanter on Dec 26, 2018.
             Was a Believer of Ashenzari.
             Succumbed to Josephine's poison
             ... on level 10 of the Dungeon.
             The game lasted 01:10:18 (12218 turns).

Matador8 the Covert (Vampire Enchanter)            Turns: 12218, Time: 01:10:19

Health: 0/90       AC: 11    Str: 10    XL:     11   Next: 0%
Magic:  11/14      EV: 12    Int: 18    God:    Ashenzari [**....]
Gold:   680        SH:  0    Dex: 15    Spells: 2/14 levels left

rFire    . . .     SeeInvis +   a - +1 rapier (venom)
rCold    + . .     Gourm    .   (no shield)
rNeg     + + .     Faith    .   L - +0 ring mail
rPois    +         Spirit   .   z - +2 helmet (curse)
rElec    .         Reflect  .   K - +1 cloak (curse)
rCorr    .         Harm     .   c - +0 pair of gloves
MR       +....                  (no boots)
Stlth    +++++.....             (no amulet)
HPRegen  0.12/turn              (no ring)
MPRegen  0.14/turn              (no ring)

@: lethally poisoned (0 -> -6), regenerating slowly, drained
A: fangs 3, see invisible, unbreathing
a: Bat Form, Curse Item, Scrying, Renounce Religion


You were on level 10 of the Dungeon.
You worshipped Ashenzari.
Ashenzari was pleased with you.
You were near bloodless.

You visited 2 branches of the dungeon, and saw 11 of its levels.
You also visited: Bailey.

You collected 680 gold pieces.

Inventory:

Hand Weapons
 a - a +1 rapier of venom (weapon)
 w - a +1 dagger
 P - a +0 giant club
 R - a cursed -2 rapier
 T - the +5 short sword "Impu" {holy, +Rage rC+ MR+++ Stlth-}
   (You took it off an orc on level 9 of the Dungeon)

   It has been blessed by the Shining One to cause great damage to the undead
   and demons.
   It protects you from cold.
   It affects your resistance to hostile enchantments.
   It lets you go berserk.
   It makes you less stealthy.
 U - a +4 long sword
Missiles
 b - a throwing net (quivered)
 A - 4 curare-tipped needles
 O - 39 poisoned needles
Armour
 c - a +0 pair of gloves (worn)
 h - a +0 leather armour
 r - a +0 chain mail
 s - a +0 scale mail
 z - a cursed +2 helmet (worn)
 G - a +0 plate armour
 K - a cursed +1 cloak (worn)
 L - a +0 ring mail (worn)
Jewellery
 n - an uncursed ring of positive energy
 B - a +6 amulet of reflection
 W - an uncursed ring of flight
Wands
 x - a wand of flame (21)
 C - a wand of disintegration (10)
 E - a wand of iceblast (19)
 M - a wand of polymorph (10)
 Q - a wand of enslavement (13)
Scrolls
 f - 7 scrolls of remove curse
 g - 4 scrolls of identify
 i - 3 scrolls of blinking {unknown}
 j - 4 scrolls of amnesia {unknown}
 p - 2 scrolls of immolation {unknown}
 q - 2 scrolls of random uselessness {unknown}
 u - 3 scrolls of teleportation {unknown}
 v - 2 scrolls of enchant weapon {unknown}
 H - 2 scrolls of magic mapping {unknown}
Potions
 d - 23 potions of blood
 e - 4 potions of heal wounds
 k - 4 potions of flight
 l - 7 potions of curing
 m - 4 potions of haste
 o - 2 potions of lignification {unknown}
 t - a potion of mutation {unknown}
 D - a potion of brilliance {unknown}
 F - a potion of resistance
 I - a potion of experience {unknown}
 J - a potion of degeneration {unknown}
 N - a potion of invisibility {unknown}
 S - a potion of berserk rage {unknown}
 V - a potion of cancellation {unknown}
Miscellaneous
 y - a lightning rod (4/4)


   Skills:
 - Level 10.0(9.7) Fighting
 - Level 7.1(6.8) Short Blades
 * Level 5.3(5.0) Dodging
 - Level 12.0(11.7) Stealth
 - Level 2.0(1.7) Spellcasting
 - Level 11.0(10.7) Hexes


You had 2 spell levels left.
You knew the following spells:

 Your Spells              Type           Power        Failure   Level  Hunger
a - Corona                Hex            #####..      1%          1    #......
b - Tukima's Dance        Hex            #####...     1%          3    ###....
c - Confuse               Hex            #####...     1%          3    ###....
d - Ensorcelled Hibernat  Hex/Ice        ###...       9%          2    ###....
e - Dazzling Spray        Conj/Hex       ###...       16%         3    ###....

Your spell library contained the following spells:

 Spells                   Type           Power        Failure   Level  Hunger
 Poisonous Vapours        Pois/Air       #.....       58%         2    ###....
 Conjure Flame            Conj/Fire      #.......     82%         3    ###....
 Mephitic Cloud           Conj/Pois/Air  #.......     82%         3    ###....
 Recall                   Summ/Tloc      N/A          82%         3    ###....
 Animate Dead             Necr           N/A          99%         4    #####..
 Borgnjor's Vile Clutch   Necr/Erth      #.........   100%        5    ######.
 Death Channel            Necr           #.........   100%        6    #######
 Freezing Cloud           Conj/Ice/Air   #.........   100%        6    #######
 Simulacrum               Ice/Necr       #.........   100%        6    #######
 Ring of Flames           Chrm/Fire      #.........   100%        7    #######


Dungeon Overview and Level Annotations

Branches:
Dungeon (10/15)            Temple (1/1) D:4
   Lair: D:8-11         Orc: D:9-12

Altars:
Ashenzari
Cheibriados
Dithmenos
Elyvilon
Fedhas
Gozag
Hepliaklqana
Kikubaaqudgha
Makhleb
Nemelex Xobeh
Okawaru
Qazlal
Ru
Sif Muna
Trog
Uskayaw
Vehumet
Wu Jian
Xom
Yredelemnul
Zin
The Shining One

Shops:
D:7 }   D:8 (

Annotations:
D:1 exclusion: door
D:6 exclusion: door
D:9 exclusion: door
D:10 Josephine


Innate Abilities, Weirdness & Mutations

You heal slowly.
You have razor-sharp teeth.
You have supernaturally acute eyesight. (SInv)
You can survive without breathing.


Message History

You feel sick. Josephine misses you.
You hit Josephine but do no damage.
Josephine looks as sick as possible!
Josephine is almost dead.
Josephine gestures at you while chanting.
You convulse!
You hit Josephine but do no damage.
Josephine looks as sick as possible!
Your bite misses Josephine.
Josephine is almost dead.
You feel sick.
Josephine stops glowing.
Josephine hits you with a +2 dagger of venom.
You hit Josephine but do no damage.
Josephine looks as sick as possible!
Josephine is almost dead.
Josephine gestures at you while chanting.
You convulse!
* * * LOW HITPOINT WARNING * * *
You feel much better. Josephine closely misses you.
Josephine gestures at you while chanting.
You convulse!
* * * LOW HITPOINT WARNING * * *
You die...

#####.##########.#
.................#
#####.##########.# #.# #.#
#.# #.# #.# #.#
#####W##########.#
..>....WWKWWK@...#
################@# #.# #.#
#.#
**##########.###############
,,
.........................#
##############...........#
#..>....(...# ,,
#...........#


You could see Josephine, 2 wraiths, a big kobold and a kobold.

Vanquished Creatures
  Pikel (D:4)
  A troll (D:9)
  Prince Ribbit (D:5)
  2 dream sheep (D:9)
  6 yaks
  A wyvern (D:8)
  Edmund (D:6)
  A water moccasin (D:8)
  Duvessa (D:6)
  A sky beast (D:7)
  2 phantoms
  An ice beast (D:5)
  3 orc warriors
  A black bear (D:7)
  A slave (D:5)
  A necrophage (D:9)
  8 ogres
  5 centaurs
  A crocodile (D:8)
  3 big kobolds
  4 bullfrogs
  A gnoll sergeant (D:9)
  Dowan (D:6)
  6 scorpions
  4 killer bees (D:8)
  5 wights
  A howler monkey (D:8)
  A bullfrog zombie (D:8)
  7 crimson imps
  A centaur zombie (D:6)
  A centaur skeleton (D:10)
  2 jellies
  9 orc wizards
  Crazy Yiuf (D:6)
  A gnoll shaman (D:9)
  5 orc priests
  15 hounds
  A bullfrog skeleton (D:4)
  Ijyb (D:5)
  2 iguanas
  6 worker ants
  2 hound skeletons (D:4)
  11 gnolls
  9 adders
  A shadow imp (D:8)
  An adder zombie (D:8)
  An adder skeleton (D:5)
  4 leopard geckos
  37 orcs
  3 ball pythons
  2 bats
  5 giant cockroaches
  9 hobgoblins
  11 jackals
  5 quokkas
  8 frilled lizards
  2 gnoll zombies (D:8)
  11 goblins
  A jackal skeleton (D:4)
  2 jackal zombies
  20 kobolds
  A quokka skeleton (D:7)
  3 rats
266 creatures vanquished.

Vanquished Creatures (collateral kills)
  2 gnoll sergeants
  4 wights
  A bullfrog skeleton (D:9)
  A gnoll shaman (D:9)
  A gnoll (D:9)
  4 orcs
  A goblin (D:8)
14 creatures vanquished.

Vanquished Creatures (others)
  3 dancing weapons
  A slave (D:5)
  A hound skeleton (D:5)
  A quokka (D:5)
6 creatures vanquished.

Grand Total: 286 creatures vanquished

Notes
Turn   | Place    | Note
-------+----------+-------------------------------------------
     0 | D:1      | Matador8 the Vampire Enchanter began the quest for the Orb.
     0 | D:1      | Reached XP level 1. HP: 13/13 MP: 3/3
   539 | D:1      | Reached XP level 2. HP: 18/19 MP: 0/5
   665 | D:1      | Reached skill level 5 in Stealth
   665 | D:1      | Reached skill level 5 in Hexes
  1104 | D:2      | Reached XP level 3. HP: 24/24 MP: 6/6
  1189 | D:2      | Found a glowing golden altar of the Shining One.
  1643 | D:3      | Learned a level 3 spell: Tukima's Dance
  1835 | D:3      | Noticed an ogre
  1837 | D:3      | Killed an ogre
  1837 | D:3      | Reached skill level 6 in Stealth
  1837 | D:3      | Reached XP level 4. HP: 30/30 MP: 7/7
  1837 | D:3      | Reached XP level 5. HP: 35/35 MP: 8/8
  2282 | D:3      | Learned a level 3 spell: Confuse
  3973 | D:4      | Found a staircase to the Ecumenical Temple.
  4027 | Temple   | Entered the Ecumenical Temple
  4264 | Temple   | Became a worshipper of Ashenzari the Shackled
  4445 | D:4      | Reached skill level 7 in Stealth
  4445 | D:4      | Reached XP level 6. HP: 36/41 MP: 9/9
  5184 | D:4      | Reached skill level 8 in Stealth
  5421 | D:5      | Entered Level 5 of the Dungeon
  5489 | D:5      | Reached XP level 7. HP: 46/46 MP: 5/10
  5495 | D:5      | Found a stormy altar of Qazlal.
  5621 | D:5      | Found a shadowy altar of Dithmenos.
  5643 | D:5      | Noticed Ijyb
  5644 | D:5      | Noticed Pikel
  5663 | D:5      | Killed Ijyb
  5742 | D:4      | Killed Pikel
  5742 | D:4      | Reached skill level 5 in Short Blades
  5742 | D:4      | Reached skill level 9 in Stealth
  5742 | D:4      | Reached XP level 8. HP: 32/52 MP: 2/11
  5866 | D:5      | Noticed Prince Ribbit
  5959 | D:5      | Killed Prince Ribbit
  6062 | D:5      | Found a hide-covered altar of Uskayaw.
  6203 | D:5      | Reached skill level 10 in Stealth
  6529 | D:6      | Noticed Edmund
  6548 | D:6      | Killed Edmund
  6548 | D:6      | Reached skill level 10 in Hexes
  6705 | D:6      | Found a runed door.
  6743 | D:6      | Found a hazy altar of Hepliaklqana.
  6882 | D:6      | Found a sparkling altar of Nemelex Xobeh.
  6883 | D:6      | Reached * piety under Ashenzari
  7032 | D:6      | Found an iron altar of Okawaru.
  7035 | D:6      | Noticed Dowan
  7042 | D:6      | Noticed Duvessa
  7048 | D:6      | Killed Duvessa
  7048 | D:6      | Reached skill level 1 in Fighting
  7048 | D:6      | Reached skill level 11 in Stealth
  7060 | D:6      | Killed Dowan
  7254 | D:6      | Noticed Crazy Yiuf
  7258 | D:6      | Killed Crazy Yiuf
  7258 | D:6      | Reached XP level 9. HP: 61/61 MP: 12/12
  7486 | D:7      | Learned a level 2 spell: Ensorcelled Hibernation
  7511 | D:7      | Found a deep blue altar of Sif Muna.
  7694 | D:7      | Found Peptutt's Gadget Shoppe.
  7775 | D:7      | Reached skill level 12 in Stealth
  7995 | D:7      | Reached skill level 5 in Fighting
  8021 | D:7      | Noticed a two-headed ogre
  8435 | D:7      | Found a radiant altar of Vehumet.
  8441 | D:7      | Found a shimmering altar of Xom.
  9144 | D:8      | Found a shattered altar of Ashenzari.
  9215 | D:8      | Found a basalt altar of Yredelemnul.
  9277 | D:8      | Reached XP level 10. HP: 68/77 MP: 4/13
  9335 | D:8      | Found a flagged portal.
  9341 | Bailey   | Entered a bailey
  9341 | Bailey   | Noticed an orc knight
  9490 | D:8      | Found Yhet's Antique Weapon Boutique.
  9972 | D:9      | Found a glowing silver altar of Zin.
  9972 | D:9      | Found a blossoming altar of Fedhas.
 10189 | D:9      | Identified the +5 short sword "Impu" {holy, +Rage rC+ MR+++
                  | Stlth-}
 11218 | D:9      | Noticed a three-headed hydra
 11259 | D:9      | Reached skill level 10 in Fighting
 11790 | D:10     | Entered Level 10 of the Dungeon
 11826 | D:10     | Learned a level 3 spell: Dazzling Spray
 12017 | D:10     | Reached ** piety under Ashenzari
 12144 | D:10     | Reached skill level 5 in Dodging
 12153 | D:10     | Reached XP level 11. HP: 64/90 MP: 12/14
 12182 | D:10     | Noticed Josephine
 12215 | D:10     | HP: 2/90 [Josephine/dispel undead (27)]
 12218 | D:10     | Succumbed to Josephine's poison

Vault maps used:
D:1:      dpeg_arrival_oval, st_stairs_1
D:2:      tso_altar, first_ration, chequers_avenue
D:4:      corexii_shantytown, minmay_temple_entry_trees, minmay_misc_feat_cross,
          dk_noncrumbling_4, minivault_5
D:5:      nicolae_dithmenos_shadow_blocks, nicolae_overflow_crystal_walls,
          lemuel_coloured_pillars_altar, serial_bayou_pond_a, uniq_ijyb,
          uniq_pikel, uniq_prince_ribbit1
D:6:      okawaru_ov_weapons_minmay, kennysheep_little_box,
          nemelex_spade_bored_becter, uniq_crazy_yiuf_cottage, uniq_duvessa,
          uniq_edmund
D:7:      minmay_octagon_keep, tgw_sif, amethyst_overflow_temple_binary,
          serial_shops, nicolae_shop_statue_plus
D:8:      minmay_chambers_of_fours, lemuel_zombie_altar_yredelemnul,
          serial_shops, kennysheep_mini, enter_bailey_3,
          cheibrodos_ashenzari_chains
D:9:      chequers_temple_overflow_statue_of_worship, serial_gnoll_camp,
          gnoll_camp_mini_loothouse, gnoll_camp_mini_hut, gnoll_camp_mini_hut,
          gnoll_camp_huts_basic, hangedman_ranch
D:10:     erik_orc_2, uniq_josephine
Temple:   compressed_dpeg_circular_temple
Bailey:   bailey_polearm_4, bailey

Skill      XL: |  1  2  3  4  5  6  7  8  9 10 |
---------------+-------------------------------+-----
Short Blades   | 2 3 4 5 7 |  7.1
Stealth        | 5 6 7 8 9 11 12 | 12.0
Hexes          | 5 6 7 9 10 11 | 11.0
Fighting       | 1 6 10 | 10.0
Dodging        | 5 |  5.3
Spellcasting   | |  2.0

Action                   |  1- 3 |  4- 6 |  7- 9 | 10-12 || total
-------------------------+-------+-------+-------+-------++-------
Melee: Dagger            |   105 |   171 |       |       ||   276
       Bite              |     6 |    15 |    29 |    42 ||    92
       Unarmed           |       |     1 |       |       ||     1
       Rapier            |       |    41 |   333 |   318 ||   692
 Cast: Corona            |    18 |    21 |     8 |     8 ||    55
       Tukima's Dance    |       |     5 |    10 |    23 ||    38
       Confuse           |       |    10 |    31 |    13 ||    54
Invok: Curse Item        |       |     1 |       |     1 ||     2
 Abil: End Transformatio |       |     4 |     2 |       ||     6
       Bat Form          |       |     4 |     2 |       ||     6
  Use: Potion            |       |     8 |    10 |     9 ||    27
       Scroll            |       |     3 |       |       ||     3
 Stab: Sleeping          |    15 |    22 |    26 |    14 ||    77
       Confused          |       |     2 |    16 |     7 ||    25
       Distracted        |       |     1 |     1 |     4 ||     6
  Eat: Corpse            |       |       |     2 |       ||     2
Armor: Robe              |    12 |       |       |       ||    12
       Leather armour    |    10 |    46 |    26 |       ||    82
       Ring mail         |       |       |    87 |   117 ||   204
Dodge: Dodged            |    67 |   113 |   156 |   148 ||   484

Table legend:
 A = Non-vault XP
 B = Vault XP
 C = Vault XP percentage of total XP
 D = Non-vault monster count
 E = Vault monster count
 F = Vault count percentage of total count
                 A         B        C        D         E       F
            +---------+---------+-------+---------+---------+-------
      Total |    7233 |    3838 |  34.7 |     195 |      84 |  30.1
            +---------+---------+-------+---------+---------+-------
        D:1 |      36 |       1 |   2.7 |      14 |       1 |   6.7
        D:2 |      17 |       0 |   0.0 |      11 |       0 |   0.0
        D:3 |     180 |       0 |   0.0 |      20 |       0 |   0.0
        D:4 |     411 |     701 |  63.0 |      18 |      31 |  63.3
        D:5 |     606 |      79 |  11.5 |      16 |       2 |  11.1
        D:6 |     366 |     433 |  54.2 |      10 |       4 |  28.6
        D:7 |    1604 |     515 |  24.3 |      40 |       9 |  18.4
        D:8 |    1560 |     466 |  23.0 |      33 |      15 |  31.2
        D:9 |    1036 |    1468 |  58.6 |      14 |      20 |  58.8
       D:10 |    1417 |     175 |  11.0 |      19 |       2 |   9.5
            +---------+---------+-------+---------+---------+-------
